 Dungeon Crawl Stone Soup version 0.20.1-1-g8b1a95d66d (webtiles) character file.

67 Jynx the Slasher (level 3, -1/43 HPs)
             Began as a Demonspawn Berserker on Dec 20, 2017.
             Was a Believer of Trog.
             Slain by a gnoll
             ... wielding a +0 spear
              (3 damage)
             ... on level 2 of the Dungeon.
             The game lasted 00:02:43 (1519 turns).

Jynx the Slasher (Demonspawn Berserker)             Turns: 1519, Time: 00:02:44

Health: -1/43      AC:  4    Str: 23    XL:     3   Next: 98%
Magic:  3/3        EV: 12    Int:  8    God:    Trog [**....]
Gold:   128        SH:  0    Dex: 12    Spells: 2/2 levels left

rFire    . . .     SeeInvis .   a - +0 falchion
rCold    . . .     Gourm    .   (no shield)
rNeg     . . .     Faith    .   b - +0 animal skin
rPois    .         Spirit   .   (no helmet)
rElec    .         Reflect  .   g - +0 cloak
rCorr    .         Harm     .   (no gloves)
MR       .....                  m - +0 pair of boots
Stlth    ..........             (no amulet)
Regen    0.2/turn               (no ring)
MPRegen  0.1/turn               (no ring)

@: berserking (expiring), very quick
A: demonic guardian 1, sturdy frame 1
a: Berserk, Trog's Hand, Burn Spellbooks, Renounce Religion


You were on level 2 of the Dungeon.
You worshipped Trog.
Trog was pleased with you.
You were not hungry.

You visited 1 branch of the dungeon, and saw 2 of its levels.

You collected 128 gold pieces.

Inventory:

Hand Weapons
 a - a +0 falchion (weapon)
Armour
 b - a +0 animal skin (worn)
 g - a +0 cloak (worn)
 m - a +0 pair of boots (worn)
Jewellery
 h - an uncursed ring of fire
Scrolls
 e - a scroll of enchant armour
 f - a scroll of magic mapping
 j - a scroll of remove curse
 l - 2 scrolls of teleportation {unknown}
Potions
 i - a potion of curing {unknown}
 k - a potion of brilliance {unknown}
Comestibles
 c - a bread ration
 d - 2 chunks of flesh
 n - a meat ration
 o - 3 fruits


   Skills:
 + Level 3.4 Fighting
 * Level 3.5 Long Blades
 + Level 2.4 Armour
 + Level 2.1 Dodging


You had 2 spell levels left.
You didn't know any spells.

Dungeon Overview and Level Annotations

Branches:
Dungeon (2/15)

Altars:


Innate Abilities, Weirdness & Mutations

A weak demonic guardian rushes to your aid.
Your movements are slightly less encumbered by armour. (ER -2)


Message History

The gnoll hits you from afar with a spear!
You hit the adder.
You kill the adder!
Trog accepts your kill. The gnoll misses you. The gnoll closely misses you.
The gnoll misses you.
You closely miss the gnoll.
The gnoll hits you from afar with a spear.
* * * LOW HITPOINT WARNING * * *
The gnoll hits you but does no damage. The gnoll closely misses you.
You riposte.
You slash the gnoll!
You kill the gnoll!
Trog accepts your kill.
You see here a club.
You completely miss the gnoll. The gnoll hits you with a spear!
* * * LOW HITPOINT WARNING * * *
The gnoll hits you but does no damage.
You hit the gnoll.
The gnoll is moderately wounded.
The gnoll hits you with a spear.
You die...

#........# #.#
#........## #.#
#.........# #†# ##
#.........# #.# #..
#.).......# #.# #...
#.........## #.# #....
########...# #.#
#.....########.#.#####.#
.....lg@...............#
#.....g........##.####.#
#################.## #.#
#..# #.# ##.###.#
#..##.# ##.##.# #..#.#
##.#.#


You could see 2 gnolls and a frilled lizard.

Vanquished Creatures
  A gnoll (D:2)
  2 adders (D:2)
  A worm (D:2)
  2 leopard geckos
  4 bats
  2 giant cockroaches
  3 goblins (D:1)
  4 hobgoblins
  3 jackals (D:1)
  2 quokkas (D:2)
  3 frilled lizards
  3 kobolds
  5 rats
35 creatures vanquished.

Notes
Turn   | Place    | Note
-------+----------+-------------------------------------------
     0 | D:1      | Jynx the Demonspawn Berserker began the quest for the Orb.
     0 | D:1      | Reached XP level 1. HP: 18/18 MP: 1/1
   230 | D:1      | Gained mutation: Your movements are slightly less encumbered by armour. (ER -2) [demonic ancestry]
   230 | D:1      | Reached XP level 2. HP: 13/24 MP: 2/2
   974 | D:2      | Gained mutation: A weak demonic guardian rushes to your aid. [demonic ancestry]
   974 | D:2      | Reached XP level 3. HP: 18/29 MP: 3/3
  1421 | D:2      | Reached ** piety under Trog
  1518 | D:2      | HP: 1/43 [gnoll/spear (10)]
  1519 | D:2      | Slain by a gnoll

Skill      XL: |  1  2 |
---------------+-------+-----
Armour         | 2 |  2.4
Long Blades    | 3 |  3.5
Dodging        | 2 |  2.1
Fighting       | |  3.4

Action                   || total
-------------------------++-------
Melee: Falchion          ||   111
Invok: Berserk           ||     4
  Use: Scroll            ||     5
 Stab: Sleeping          ||     1
  Eat: Chunk             ||     5
Armor: Animal skin       ||    34
Dodge: Dodged            ||    82
       Rpst.: Falchion   ||    26
